 Dungeon Crawl Stone Soup version 0.26-a0-30-g56b8cd3df0 (webtiles) character file.

Game seed: 6892346545144730294, levelgen mode: deterministic

93748 Lugonue the Carver (level 15, -1/84 HPs)
             Began as a Demonspawn Venom Mage on June 2, 2020.
             Was a Priest of Ru.
             Slain by a snapping turtle (21 damage)
             ... on level 1 of the Shoals.
             The game lasted 01:18:47 (30279 turns).

Lugonue the Carver (Demonspawn Venom Mage)         Turns: 30279, Time: 01:18:48

Health: -1/84      AC: 20    Str:  6 (10) XL:     15   Next: 61%
Magic:  24/29      EV: 14    Int: 10 (14) God:    Ru [***...]
Gold:   1496       SH:  5    Dex: 15      Spells: 19/34 levels left

rFire    . . .     SeeInvis .   B - +8 scimitar (flame)
rCold    + . .     Gourm    .   s - +0 buckler
rNeg     + . .     Faith    .   I - +5 ring mail of Odiann {rC+ Str-2 Dex+4}
rPois    .         Spirit   .   (helmet unavailable)
rElec    .         Reflect  .   q - +0 cloak
rCorr    .         Harm     .   j - +1 pair of gloves
MR       +....     Rnd*Rage +   (no boots) Stlth ..........Rnd*Tele +
                                h - amulet "Moxinuri" {rN+ Regen+ MP+9 Int+2}
HPRegen  0.00/turn              M - ring of wizardry
MPRegen  0.21/turn              v - +4 ring of protection

@: radiating poison, no potions, heavily drained
A: horns 3, iridescent scales 2, [berserk 2], blink, [blurry vision 3], [clumsy
2], [deformed body], [deterioration 2], [dopey 2], [frail 3], [low mp 3],
powered by pain 2, screaming 1, [inhibited regeneration], spiny 3, strong 1,
[teleportitis 2], [weak 2], [no potion heal 2], subdued magic 1[+2], inability
to drink while threatened, no stealth, hated by all
a: Blink, Sacrifice Arcana, Sacrifice Artifice, Sacrifice Health, Reject
Sacrifices, Draw Out Power, Renounce Religion


You were on level 1 of the Shoals.
You worshipped Ru.
Ru was most pleased with you.
You were full.

You visited 5 branches of the dungeon, and saw 22 of its levels.
You visited the Abyss 1 time.
You also visited: Ice Cave and Volcano.

You collected 2521 gold pieces.
You spent 1025 gold pieces at shops.

Inventory:

Hand Weapons
 p - a +0 scimitar of draining
 B - a +8 scimitar of flaming (weapon)
 H - a +0 long sword
Armour
 j - a +1 pair of gloves (worn)
 q - a +0 cloak (worn)
 s - a +0 buckler (worn)
 I - the +5 ring mail of Odiann (worn) {rC+ Str-2 Dex+4}
   (You found it on level 3 of the Lair of Beasts)

   It affects your strength (-2).
   It affects your dexterity (+4).
   It protects you from cold.
 J - a +0 kite shield
Magical Staves
 Q - an uncursed staff of fire
Jewellery
 a - an uncursed amulet of regeneration
 h - the amulet "Moxinuri" (around neck) {rN+ Regen+ MP+9 Int+2}
   (You bought it in a shop on level 8 of the Dungeon)

   [amulet of regeneration]

   It affects your intelligence (+2).
   It protects you from negative energy.
   It affects your magic capacity (+9).
   It increases your rate of regeneration.
 n - an uncursed ring of magical power
 r - an uncursed ring of see invisible
 v - a +4 ring of protection (right hand)
 w - an uncursed ring of positive energy
 y - an uncursed ring of resist corrosion
 A - a +6 ring of intelligence
 K - an uncursed amulet of the acrobat
 M - a ring of wizardry (left hand)
 P - an uncursed ring of fire
Wands
 t - a wand of paralysis (13)
 E - a wand of random effects (23)
Scrolls
 d - 6 scrolls of remove curse
 g - 3 scrolls of teleportation
 x - a scroll of identify
 z - 3 scrolls of enchant armour
 F - a scroll of vulnerability
 G - a scroll of amnesia
Potions
 e - a potion of stabbing
 f - a potion of flight
 k - a potion of ambrosia
 l - 2 potions of berserk rage
 m - 5 potions of curing
 u - 4 potions of lignification
 D - a potion of might
 L - 4 potions of mutation
 O - 2 potions of invisibility
Comestibles
 c - 26 rations


   Skills:
 + Level 11.8(10.3) Fighting
 * Level 13.9(12.3) Long Blades
 - Level 7.0(5.6) Armour
 + Level 11.7(10.2) Dodging
 - Level 4.0(2.7) Shields
 - Level 6.3(5.0) Unarmed Combat
 - Level 10.0(8.6) Spellcasting
 - Level 0.8(0.0) Transmutations
 - Level 7.0(5.6) Poison Magic


You had 19 spell levels left.
You knew the following spells:

 Your Spells              Type           Power        Failure   Level  Hunger
a - Sting                 Tmut/Pois      #...         4%          1    None
b - Poisonous Vapours     Pois/Air       #.....       8%          2    #......
c - Olgreb's Toxic Radia  Pois           #.......     16%         4    ####...
d - Ignite Poison         Fire/Tmut/Pois #.......     24%         3    ###....
e - Blink                 Tloc           N/A          26%         2    #......
f - Mephitic Cloud        Conj/Pois/Air  #.......     24%         3    ###....

Your spell library contained the following spells:

 Spells                   Type           Power        Failure   Level  Hunger
 Apportation              Tloc           #.....       17%         1    None
 Corona                   Hex            #......      17%         1    None
 Magic Dart               Conj           #...         17%         1    None
 Slow                     Hex            #.......     26%         2    #......
 Confusing Touch          Hex            #.......     45%         3    ###....
 Conjure Flame            Conj/Fire      #.......     45%         3    ###....
 Gell's Gravitas          Tloc           #.........   45%         3    ###....
 Petrify                  Tmut/Erth      #.......     86%         4    ####...
 Bolt of Magma            Conj/Fire/Erth #.........   99%         5    ######.
 Iskenderun's Battlesphe  Conj/Chrm      #.......     99%         5    ######.
 Metabolic Englaciation   Hex/Ice        #.........   99%         5    ######.
 Yara's Violent Unravell  Hex/Tmut       #.........   99%         5    ######.
 Iron Shot                Conj/Erth      #.........   100%        6    #######
 Orb of Destruction       Conj           #.........   100%        7    #######
 Animate Skeleton         Necr           Unusable     N/A         1    N/A
 Summon Small Mammal      Summ           Unusable     N/A         1    N/A
 Call Imp                 Summ           Unusable     N/A         2    N/A
 Spellforged Servitor     Conj/Summ      Unusable     N/A         7    N/A

Dungeon Overview and Level Annotations

Branches:
Dungeon (12/15)            Temple (0/1) D:5            Lair (6/6) D:8
 Shoals (1/4) Lair:2       Spider (0/4) Lair:2        Slime (1/5) Lair:6
    Orc (2/2) D:12            Elf (0/3) Orc:2         IceCv (visited)
Volcano (visited)

Altars:
Cheibriados
Dithmenos
Fedhas
Hepliaklqana
Kikubaaqudgha
Makhleb
Qazlal
Ru
Sif Muna
Trog
Wu Jian
Beogh
Jiyva

Shops:
D:7 }   D:8 !!*=   D:11 %   Orc:2 =:!*

Annotations:
D:4 2 transporters
D:10 3 runed translucent doors, Sloany's ghost, journeyman DsFi
Shoals:1 exclusion: Roxanne, Josephine; Louise; Roxanne


Innate Abilities, Weirdness & Mutations

You have a pair of large horns on your head.
You are mostly covered in iridescent scales. (AC +4)
You sometimes gain power by taking damage.
You occasionally shout uncontrollably at your foes.
You are completely covered in sharp spines.
You cannot drink potions while threatened.
You cannot be stealthy.
You are hated by all.
You can translocate small distances at will.
Your muscles are strong. (Str +2)
[You often lose your temper in combat.]
[Scrolls take you much longer to read.]
[You are very clumsy. (Dex -4)]
[Armour fits poorly on your strangely shaped body.]
[Your body often deteriorates upon taking damage.]
[You are very dopey. (Int -4)]
[You are extremely frail. (-30% HP)]
[Your magical capacity is extremely low. (-30% MP)]
[You do not regenerate when monsters are visible.]
[You are sometimes teleported next to monsters.]
[You are very weak. (Str -4)]
[Potions are poor at restoring your health.]
[Your spells are much easier to cast, but much less powerful.]


Message History

The snapping turtle misses you.
Josephine begins to cast a spell, but is stunned by your will!
Casting: Olgreb's Toxic Radiance (dangerous; 16% risk of failure)
Confirm with . or Enter, or press ? or * to list all spells.
You ignite the poison in your surroundings!
The snapping turtle seems to burn from within!!
The snapping turtle is almost dead.
Josephine seems to burn from within!
Josephine is almost dead.
The snapping turtle bites you from afar!
* * * LOW HITPOINT WARNING * * *
Your body deteriorates!
You feel weakened.
You focus on the pain.
You feel your power returning.
Unknown command.
Casting: Ignite Poison (dangerous; 24% risk of failure)
Confirm with . or Enter, or press ? or * to list all spells.
You begin to radiate toxic energy.
Josephine is poisoned.
The snapping turtle is poisoned.
The snapping turtle bites you from afar!!
You die...

.≈≈≈≈≈≈≈≈≈≈≈≈≈≈≈≈.
.≈≈≈≈≈≈≈≈≈≈≈≈≈≈≈≈≈
##≈≈≈≈≈≈≈≈≈≈≈≈≈.≈..
#..≈≈≈≈≈≈@≈≈≈≈.....
#.≈≈≈≈≈W≈≈≈W≈≈≈≈≈≈≈
..≈≈≈≈≈≈≈≈≈≈≈≈≈≈≈≈≈.P≈≈
≈≈≈≈≈≈≈t≈≈≈≈≈≈≈≈≈≈PPm≈≈
≈≈≈≈≈≈≈W≈≈≈≈≈≈≈≈≈≈PPP.P
≈≈≈≈≈≈.@.≈PPPP≈P≈≈≈....
≈≈≈≈≈≈..≈≈.PPP≈≈≈≈.P≈
≈≈≈≈≈....P..P≈≈...).
≈≈≈...###...≈P≈..# ..
≈≈≈... ##...≈P..##....
≈≈≈....#..............P
≈≈≈≈..........≈....P..≈
≈≈.........(≈≈≈...m....
..........≈≈≈...P.....


You could see Josephine (poisoned), a snapping turtle (poisoned) and 3 wraiths.

Vanquished Creatures
  Gastronok (Orc:1)
  Kirke (D:12)
  2 very ugly things (Abyss:2)
  Nessos (Orc:2)
  Snorg (Orc:2)
  The ghost of Neriamm the Cleaver, a journeyman HOFi of Beogh (Lair:1)
  A slime creature (D:12)
  2 ice dragons (IceCv)
  Harold (D:9)
  2 hydras
  A death knight (D:12)
  A catoblepas (Lair:6)
  4 ogre magi (Orc:2)
  19 two-headed ogres
  A merfolk aquamancer (Shoals:1)
  7 death yaks
  A deep troll shaman (Lair:6)
  2 wretched stars (Abyss:2)
  Nergalle (Orc:1)
  A skeletal warrior (D:12)
  An unseen horror (D:11)
  6 large abominations (Abyss:2)
  A glowing orange brain (Abyss:2)
  A flayed ghost (Abyss:2)
  A lindwurm (Lair:6)
  3 ugly things (Abyss:2)
  An orc sorcerer (Orc:2)
  2 cyclopes
  12 elephants
  2 ice statues (IceCv)
  2 black mambas (Lair:4)
  3 merfolk sirens
  4 smoke demons (Abyss:2)
  13 spiny frogs
  A centaur zombie (D:11)
  2 torpor snails
  A gargoyle (D:12)
  An efreet (Abyss:2)
  3 rime drakes
  A komodo dragon (Lair:6)
  4 freezing wraiths
  A kobold demonologist (D:12)
  An ancient zyme (Abyss:2)
  A polar bear (Lair:3)
  2 trolls
  4 merfolk (Shoals:1)
  A queen bee (D:9)
  3 tyrant leeches (D:11)
  A hornet (D:8)
  2 wind drakes (Shoals:1)
  18 blink frogs
  7 hippogriffs
  3 raiju (Abyss:2)
  7 small abominations (Abyss:2)
  Sigmund (D:5)
  3 flying skulls (Abyss:2)
  2 ynoxinuls (Abyss:2)
  2 shadows
  4 water elementals (Shoals:1)
  2 wraiths (Shoals:1)
  34 yaks
  2 vampires (D:11)
  A human (shapeshifter) (D:10)
  4 basilisks
  3 vampire mosquitoes (D:11)
  2 hogs (D:12)
  4 humans (D:12)
  3 hungry ghosts
  2 wargs
  A neqoxec (Abyss:2)
  An acid dragon (D:11)
  10 water moccasins
  13 orc warriors
  10 porcupines
  16 ice beasts
  3 sky beasts
  4 black bears
  38 ogres
  2 phantoms
  3 necrophages
  14 centaurs
  16 wolves
  8 crocodiles
  An elf zombie (D:8)
  8 bullfrogs
  3 big kobolds
  2 wyvern zombies
  An elf skeleton (D:8)
  A water moccasin skeleton (D:5)
  4 scorpions
  26 killer bees
  A wight (D:8)
  5 howler monkeys
  4 electric eels
  2 crimson imps
  2 starcursed masses (Abyss:2)
  3 quasits
  2 bullfrog zombies
  5 hounds
  4 human zombies (D:8)
  9 orc priests
  Crazy Yiuf (D:6)
  2 gnoll shamans
  3 jellies
  20 orc wizards
  A centaur skeleton (D:7)
  Jessica (D:2)
  2 iguanas
  5 worker ants
  2 hell rats (Lair:6)
  3 hound skeletons
  A mummy (D:8)
  A howler monkey zombie (D:7)
  Robin (D:3)
  2 worker ant zombies
  8 adders
  15 gnolls
  3 river rats (Lair:6)
  A shadow imp (D:9)
  12 white imps (Orc:2)
  An adder skeleton (D:6)
  2 worms
  2 dart slugs
  5 leopard geckos
  65 orcs
  6 bats
  7 giant cockroaches
  15 goblins
  8 hobgoblins
  14 jackals
  19 kobolds
  3 quokkas
  2 ball pythons
  4 frilled lizards
  A jackal skeleton (D:5)
  A leopard gecko zombie (D:6)
  An orc skeleton (D:8)
  An orc zombie (D:8)
  11 rats
  A lurking horror (Abyss:2)
711 creatures vanquished.

Vanquished Creatures (others)
  2 hydras
  A death yak (Lair:6)
  A two-headed ogre (Orc:2)
  A blink frog (Abyss:2)
  A yak (Lair:3)
  3 fungi
  19 plants
  2 starspawn tentacles (Abyss:2)
30 creatures vanquished.

Grand Total: 741 creatures vanquished

Notes
Turn   | Place    | Note
-------+----------+-------------------------------------------
     0 | D:1      | Lugonue the Demonspawn Venom Mage began the quest for the
                  | Orb.
     0 | D:1      | Reached XP level 1. HP: 13/13 MP: 3/3
   494 | D:1      | Gained mutation: You sometimes gain a little power by
                  | taking damage. [demonic ancestry]
   494 | D:1      | Reached XP level 2. HP: 19/19 MP: 3/5
   716 | D:1      | Learned a level 2 spell: Poisonous Vapours
  1224 | D:2      | Reached skill level 1 in Unarmed Combat
  1224 | D:2      | Reached XP level 3. HP: 14/24 MP: 3/6
  1527 | D:2      | Noticed a scorpion
  1536 | D:2      | Killed a scorpion
  1536 | D:2      | Gained mutation: You have a pair of small horns on your
                  | head. [demonic ancestry]
  1536 | D:2      | Reached XP level 4. HP: 27/30 MP: 4/8
  1774 | D:2      | Noticed Jessica
  1777 | D:2      | Killed Jessica
  1837 | D:2      | Gained mutation: You are partially covered in iridescent
                  | scales. (AC +2) [demonic ancestry]
  1837 | D:2      | Reached XP level 5. HP: 35/35 MP: 7/9
  1887 | D:2      | Found a faded altar of an unknown god.
  2057 | D:2      | Became a worshipper of Ru the Awakened
  2066 | D:2      | Gained mutation: You are hated by all. [Ru sacrifice]
  2066 | D:2      | Reached * piety under Ru
  2430 | D:2      | Found a shimmering blue altar of Sif Muna.
  2663 | D:3      | Noticed Robin
  2691 | D:2      | Learned a level 4 spell: Olgreb's Toxic Radiance
  2850 | D:3      | Killed Robin
  3720 | D:4      | Reached skill level 5 in Poison Magic
  3737 | D:4      | Reached XP level 6. HP: 34/41 MP: 3/11
  3835 | D:4      | Found a transporter.
  3881 | D:4      | Learned a level 3 spell: Ignite Poison
  3922 | D:4      | Found a transporter.
  4072 | D:4      | Found a blossoming altar of Fedhas.
  4556 | D:5      | Entered Level 5 of the Dungeon
  4780 | D:5      | Found a staircase to the Ecumenical Temple.
  4944 | D:5      | Gained mutation: You are mostly covered in iridescent
                  | scales. (AC +4) [demonic ancestry]
  4944 | D:5      | Reached XP level 7. HP: 46/46 MP: 3/14
  5133 | D:5      | Reached skill level 5 in Spellcasting
  5238 | D:5      | Found a shadowy altar of Dithmenos.
  5458 | D:5      | Noticed Sigmund
  5463 | D:5      | Killed Sigmund
  5593 | D:5      | Gained mutation: You sometimes gain power by taking damage.
                  | [demonic ancestry]
  5593 | D:5      | Reached XP level 8. HP: 53/53 MP: 8/16
  6402 | D:6      | Reached skill level 1 in Fighting
  6690 | D:6      | Reached skill level 5 in Unarmed Combat
  6897 | D:6      | Found a runed translucent door.
  6898 | D:6      | Noticed Crazy Yiuf
  7070 | D:6      | Killed Crazy Yiuf
  7237 | D:7      | Found Vinu's Gadget Emporium.
  7244 | D:7      | Bought a wand of paralysis (10) for 168 gold pieces
  7611 | D:7      | Gained mutation: You are partially covered in sharp spines.
                  | [demonic ancestry]
  7611 | D:7      | Reached XP level 9. HP: 58/58 MP: 5/20
  8824 | D:8      | Noticed a two-headed ogre
  8828 | D:8      | Killed a two-headed ogre
  8998 | D:8      | Found Wyor's Distillery.
  9006 | D:8      | Bought a potion of heal wounds for 75 gold pieces
  9006 | D:8      | Bought a potion of heal wounds for 75 gold pieces
  9013 | D:8      | Found a staircase to the Lair.
  9013 | D:8      | Noticed a death yak
  9014 | D:8      | Noticed a death yak
  9036 | D:8      | Reached skill level 10 in Spellcasting
  9314 | D:8      | Gained mutation: You are mostly covered in sharp spines.
                  | [demonic ancestry]
  9314 | D:8      | Reached XP level 10. HP: 65/65 MP: 24/24
  9316 | D:8      | Found an ancient bone altar of Kikubaaqudgha.
  9554 | D:8      | Noticed a death yak
  9554 | D:8      | Noticed a death yak
  9556 | D:8      | Noticed a death yak
  9563 | D:8      | Killed a death yak
  9563 | D:8      | Killed a death yak
  9564 | D:8      | Killed a death yak
  9564 | D:8      | Reached skill level 5 in Fighting
  9568 | D:8      | Killed a death yak
  9568 | D:8      | Reached skill level 5 in Dodging
  9579 | D:8      | Killed a death yak
  9705 | D:8      | Found Etzoame's Assorted Antiques.
  9713 | D:8      | Found Kamablib's Jewellery Shop.
  9719 | D:8      | Found Honol's Distillery.
 10015 | D:8      | Found a bloodstained altar of Trog.
 10021 | D:8      | Reached XP level 11. HP: 84/84 MP: 18/25
 10042 | D:8      | Found a shadowy altar of Dithmenos.
 10055 | D:8      | Found a burning altar of Makhleb.
 10055 | D:8      | Found a stormy altar of Qazlal.
 10064 | D:8      | Learned a level 2 spell: Blink
 10068 | D:8      | Learned a level 3 spell: Mephitic Cloud
 10585 | D:9      | Found an ornate altar of the Wu Jian Council.
 10618 | D:9      | Noticed Harold
 10628 | D:9      | Killed Harold
 11638 | D:9      | Found a hazy altar of Hepliaklqana.
 11638 | D:9      | Found a sacrificial altar of Ru.
 11929 | D:10     | Entered Level 10 of the Dungeon
 11947 | D:10     | Found a runed translucent gate.
 11947 | D:10     | Found a runed translucent gate.
 11951 | D:10     | Found a runed translucent gate.
 11952 | D:10     | Noticed Sloany's ghost (journeyman DsFi)
 13223 | D:11     | Killed an unseen horror
 13878 | D:11     | Found Ulyad's Food Boutique.
 14046 | D:11     | Found the +12 Vampire's Tooth {vamp}
 14267 | D:12     | Noticed a death knight
 14267 | D:12     | Noticed a skeletal warrior
 14552 | Lair:1   | Entered Level 1 of the Lair of Beasts
 14563 | Lair:1   | Found a runed translucent gate.
 14564 | Lair:1   | Found a runed translucent gate.
 14565 | Lair:1   | Found a runed translucent gate.
 14567 | Lair:1   | Noticed Neriamm's ghost (journeyman HOFi)
 14567 | Lair:1   | Noticed a 12-headed hydra
 14568 | Lair:1   | Noticed a ten-headed hydra
 14620 | Lair:1   | Found a dark tunnel.
 14630 | Volcano  | Entered a volcano
 14822 | Lair:1   | Reached skill level 1 in Long Blades
 14822 | Lair:1   | Gained mutation: You have a pair of horns on your head.
                  | [demonic ancestry]
 14822 | Lair:1   | Reached XP level 12. HP: 97/97 MP: 26/26
 15786 | Lair:2   | Reached skill level 2 in Long Blades
 15937 | Lair:2   | Found a hole to the Spider Nest.
 15949 | Lair:2   | Found a snail-covered altar of Cheibriados.
 16310 | Lair:2   | Noticed a six-headed hydra
 16327 | Lair:2   | Killed a six-headed hydra
 16327 | Lair:2   | Reached skill level 3 in Long Blades
 16985 | Lair:2   | Found a staircase to the Shoals.
 17254 | Lair:3   | Reached skill level 4 in Long Blades
 17254 | Lair:3   | Reached skill level 10 in Fighting
 17254 | Lair:3   | Reached skill level 10 in Dodging
 17502 | Lair:3   | Reached skill level 5 in Long Blades
 17711 | Lair:3   | Got a masterwork ring mail
 17723 | Lair:3   | Identified the +5 ring mail of Odiann {rC+ Str-2 Dex+4}
                  | (You found it on level 3 of the Lair of Beasts)
 17844 | Lair:3   | Reached skill level 6 in Long Blades
 18587 | Lair:3   | Gained mutation: Your spells are a little harder to cast,
                  | but a little more powerful. [potion of mutation]
 18587 | Lair:3   | Gained mutation: [Your body sometimes deteriorates upon
                  | taking damage.] [potion of mutation]
 18587 | Lair:3   | Gained mutation: [You are clumsy. (Dex -2)] [potion of
                  | mutation]
 18587 | Lair:3   | Gained mutation: You evolve. [potion of mutation]
 18605 | Lair:3   | Lost mutation: Your spells are a little harder to cast, but
                  | a little more powerful. [potion of mutation]
 18605 | Lair:3   | Lost mutation: [Your body sometimes deteriorates upon
                  | taking damage.] [potion of mutation]
 18605 | Lair:3   | Lost mutation: [You are clumsy. (Dex -2)] [potion of
                  | mutation]
 18605 | Lair:3   | Gained mutation: [You are frail. (-10% HP)] [potion of
                  | mutation]
 18605 | Lair:3   | Gained mutation: [Your spells are a little easier to cast,
                  | but a little less powerful.] [potion of mutation]
 18605 | Lair:3   | Gained mutation: [Your body sometimes deteriorates upon
                  | taking damage.] [potion of mutation]
 18605 | Lair:3   | Gained mutation: You have a pair of large horns on your
                  | head. [potion of mutation]
 18606 | Lair:3   | Lost mutation: [You are frail. (-10% HP)] [potion of
                  | mutation]
 18606 | Lair:3   | Lost mutation: [Your body sometimes deteriorates upon
                  | taking damage.] [potion of mutation]
 18606 | Lair:3   | Lost mutation: You have a pair of large horns on your head.
                  | [potion of mutation]
 18606 | Lair:3   | Gained mutation: You can translocate small distances at
                  | will. [potion of mutation]
 18611 | Lair:3   | Gained mutation: You cannot drink potions while threatened.
                  | [Ru sacrifice]
 18611 | Lair:3   | Reached ** piety under Ru
 18700 | Lair:4   | Reached skill level 1 in Armour
 19012 | Lair:4   | Reached skill level 1 in Shields
 19250 | Lair:4   | Gained mutation: You are completely covered in sharp
                  | spines. [demonic ancestry]
 19250 | Lair:4   | Reached XP level 13. HP: 45/103 MP: 8/27
 19264 | Lair:4   | Reached skill level 7 in Long Blades
 19411 | Lair:4   | Gained mutation: Your muscles are strong. (Str +2)
                  | [evolution]
 19411 | Lair:4   | Lost mutation: You evolve. [end of evolution]
 21067 | Lair:6   | Entered Level 6 of the Lair of Beasts
 21132 | Lair:6   | Gained mutation: You occasionally shout uncontrollably at
                  | your foes. [Ru sacrifice]
 21132 | Lair:6   | Reached *** piety under Ru
 21417 | Lair:6   | Found a viscous altar of Jiyva.
 21418 | Lair:6   | Found a staircase to the Slime Pits.
 21447 | Lair:6   | Reached skill level 8 in Long Blades
 22160 | Lair:6   | Reached skill level 5 in Armour
 22163 | Lair:6   | Reached skill level 9 in Long Blades
 22924 | Slime:1  | Entered Level 1 of the Pits of Slime
 22924 | Slime:1  | Noticed an acid blob
 23451 | D:12     | Noticed Kirke
 23461 | D:12     | Killed Kirke
 23461 | D:12     | Gained mutation: You have a pair of large horns on your
                  | head. [demonic ancestry]
 23461 | D:12     | Reached XP level 14. HP: 102/111 MP: 23/28
 24155 | D:12     | Found a staircase to the Orcish Mines.
 24541 | D:12     | Reached skill level 10 in Long Blades
 25066 | Orc:1    | Entered Level 1 of the Orcish Mines
 25170 | Orc:1    | Found a roughly hewn altar of Beogh.
 25192 | Orc:1    | Noticed Gastronok
 25254 | Orc:1    | Killed Gastronok
 25763 | Orc:1    | Noticed Nergalle
 25769 | Orc:1    | Killed Nergalle
 26045 | Orc:2    | Entered Level 2 of the Orcish Mines
 26350 | Orc:2    | Found a staircase to the Elven Halls.
 26358 | Orc:2    | Found a frozen archway.
 26363 | IceCv    | Entered an ice cave
 26974 | IceCv    | Reached skill level 11 in Long Blades
 27593 | Orc:2    | Noticed Nessos
 27606 | Orc:2    | Killed Nessos
 27707 | Orc:2    | Noticed Snorg
 27720 | Orc:2    | Killed Snorg
 27720 | Orc:2    | Reached skill level 12 in Long Blades
 27766 | Orc:2    | Reached XP level 15. HP: 89/119 MP: 8/29
 27792 | Orc:2    | Found Hibroott's Assorted Antiques.
 27792 | Orc:2    | Found Cerr's Book Shoppe.
 27945 | Orc:2    | Found Mese's Distillery.
 27945 | Orc:2    | Found Byulairu's Jewellery Shop.
 28126 | Orc:2    | Found a bloodstained altar of Trog.
 28451 | D:8      | Bought the amulet "Moxinuri" {rN+ Regen+ MP+9 Int+2} for
                  | 707 gold pieces
 28460 | D:8      | Gained mutation: You cannot be stealthy. [Ru sacrifice]
 28613 | Lair:1   | Killed Neriamm's ghost
 28734 | Shoals:1 | Entered Level 1 of the Shoals
 28872 | Shoals:1 | Reached skill level 13 in Long Blades
 28953 | Shoals:1 | Noticed Louise
 28961 | Shoals:1 | Cast into level 2 of the Abyss (Louise)
 28961 | Abyss:2  | Found a corrupted altar of Lugonu.
 29033 | Abyss:2  | Noticed an ancient lich
 29067 | Abyss:2  | Found a corrupted altar of Lugonu.
 29513 | Abyss:2  | Noticed a tentacled starspawn
 29530 | Abyss:2  | Found a corrupted altar of Lugonu.
 29708 | Abyss:2  | HP: 4/108 [cyan very ugly thing (18)]
 29856 | Abyss:2  | Found a corrupted altar of Lugonu.
 30121 | Shoals:1 | Escaped the Abyss
 30157 | Shoals:1 | Identified Roxanne's Guide on Stones
 30157 | Shoals:1 | Noticed Roxanne
 30264 | Shoals:1 | Noticed Josephine
 30279 | Shoals:1 | Slain by a snapping turtle

Illustrated notes

Levels and vault maps discovered:
D:1:      ncdulo_wetmaze, layout_loops_ring
D:2:      layout_basic, marbit_many_paths, chequers_ecumenical_altar_simple,
          uniq_jessica
D:3:      layout_loops_ring, first_ration, uniq_robin
D:4:      gammafunk_steamed_eel, layout_loops_corners,
          nicolae_overflow_hidden_temple
D:5:      layout_basic, minmay_temple_entry_waves,
          chequers_serial_rivers_small_3, nicolae_dithmenos_the_darkroom,
          uniq_sigmund
D:6:      layout_gridville, uniq_crazy_yiuf_cottage
D:7:      layout_loops_ring, serial_shops, shop
D:8:      layout_basic, lemuel_mausoleum_altar_kikubaaqudgha,
          grunt_temple_overflow_open, dpeg_lair_monsters, serial_shops,
          kennysheep_mini, shop, shop, nicolae_shop_behind_doors
D:9:      layout_roguey, chequers_temple_overflow_statue_of_worship,
          basic_altar, david_nohive_1, uniq_harold
D:10:     layout_gridville, gammafunk_ghost_necromancy
D:11:     layout_long_grid, serial_shops, kennysheep_little_box,
          minmay_guarded_unrand_vampires_tooth
D:12:     layout_loops_ring, david_orc_4, uniq_kirke
Lair:1:   layout_roguey, nicolae_volcano_entry_two_sided,
          gammafunk_ghost_hydra_chop, grunt_megastairs_2, lemuel_fruit_tree,
          serial_bayou_shore_a, infiniplex_staircase_pool_2
Lair:2:   layout_small_grid, minmay_shoals_entry_lonely_mermaid,
          spider_nest_entry_web_field, serial_bayou_ford_a, st_stairs_4,
          lemuel_centaur_altar
Lair:3:   layout_cave_shapes, grunt_megastairs_5
Lair:4:   layout_small_grid
Lair:5:   layout_cave_pods
Lair:6:   grunt_lair_end_beastmaster, layout_loops_ring, slime_altar_1,
          kennysheep_abandoned_house
Shoals:1: cheibrodos_shoals_baths, layout_shoals, gammafunk_ghost_cemetery,
          serial_shops, nicolae_shop_behind_doors, ldierk_geyser, uniq_roxanne,
          uniq_josephine, uniq_louise
Slime:1:  layout_caves
Orc:1:    layout_caves, basic_altar, uniq_gastronok, uniq_nergalle
Orc:2:    st_orc_ogre_mass, layout_diamond_mine, portal_ice_cave_entry_imps,
          bloody_trog, uniq_snorg, uniq_nessos

Skill      XL: |  1  2  3  4  5  6  7  8  9 10 11 12 13 14 15 |
---------------+----------------------------------------------+-----
Unarmed Combat | 1 2 3 5 6 |  6.3
Poison Magic   | 4 5 6 7 |  7.0
Spellcasting   | 3 4 5 7 10 | 10.0
Fighting       | 1 7 9 10 11 | 11.8
Dodging        | 2 5 9 10 11 | 11.7
Long Blades    | 1 6 9 12 13 | 13.9
Armour         | 2 5 7 |  7.0
Shields        | 1 3 4 |  4.0
Stealth        | 0 |  0.0
Transmutations | |  0.8

Action                   |  1- 3 |  4- 6 |  7- 9 | 10-12 | 13-15 || total
-------------------------+-------+-------+-------+-------+-------++-------
Melee: Unarmed           |    31 |   121 |   168 |   170 |       ||   490
       Headbutt          |       |    14 |    29 |    68 |   252 ||   363
       Punch             |       |       |     2 |     4 |       ||     6
       Falchion          |       |       |       |   143 |     7 ||   150
       Long sword        |       |       |       |       |   257 ||   257
       Scimitar          |       |       |       |       |   689 ||   689
 Cast: Sting             |    33 |    49 |    30 |    69 |    28 ||   209
       Poisonous Vapours |     1 |    16 |    37 |    64 |    42 ||   160
       Olgreb's Toxic Ra |       |     5 |    11 |    38 |    55 ||   109
       Ignite Poison     |       |     1 |    18 |    45 |    46 ||   110
       Blink             |       |       |       |     9 |    10 ||    19
       Mephitic Cloud    |       |       |       |     6 |    26 ||    32
Invok: Sacrifice Love    |       |     1 |       |       |       ||     1
       Sacrifice Drink   |       |       |       |     1 |       ||     1
       Draw Out Power    |       |       |       |       |     7 ||     7
       Sacrifice Purity  |       |       |       |       |     1 ||     1
       Sacrifice Stealth |       |       |       |       |     1 ||     1
Evoke: Wand              |       |       |     3 |     9 |     8 ||    20
  Use: Scroll            |       |    10 |     2 |     9 |    22 ||    43
       Potion            |       |       |       |    12 |    16 ||    28
 Stab: Sleeping          |     1 |     2 |     2 |     6 |       ||    11
       Distracted        |       |     1 |       |       |     3 ||     4
       Paralysed         |       |       |       |     6 |    19 ||    25
       Petrified         |       |       |       |     7 |       ||     7
       Petrifying        |       |       |       |     1 |       ||     1
       Invisible         |       |       |       |       |    10 ||    10
  Eat: Chunk             |     2 |    10 |     9 |    13 |    10 ||    44
       Ration            |       |     3 |       |    12 |     9 ||    24
Armor: Robe              |    11 |    66 |    56 |    98 |       ||   231
       Ring mail         |       |       |       |    20 |   304 ||   324
Dodge: Dodged            |    38 |   122 |    77 |   330 |   645 ||  1212
Block: Buckler           |       |       |       |    36 |   210 ||   246
       Rpst.: Falchion   |       |       |       |    45 |     4 ||    49
       Long sword        |       |       |       |       |    64 ||    64
       Scimitar          |       |       |       |       |    72 ||    72

Table legend:
 A = Non-vault XP
 B = Vault XP
 C = Vault XP percentage of total XP
 D = Non-vault monster count
 E = Vault monster count
 F = Vault count percentage of total count
                 A         B        C        D         E       F
            +---------+---------+-------+---------+---------+-------
      Total |   72160 |   61766 |  46.1 |     494 |     217 |  30.5
            +---------+---------+-------+---------+---------+-------
        D:1 |      30 |       0 |   0.0 |      16 |       0 |   0.0
        D:2 |     180 |      39 |  17.8 |      30 |       2 |   6.2
        D:3 |      57 |      35 |  38.0 |      12 |      12 |  50.0
        D:4 |     174 |       0 |   0.0 |       6 |       0 |   0.0
        D:5 |     955 |     231 |  19.5 |      34 |       1 |   2.9
        D:6 |     694 |      40 |   5.4 |      14 |       1 |   6.7
        D:7 |    1734 |       0 |   0.0 |      33 |       0 |   0.0
        D:8 |    2599 |    4992 |  65.8 |      23 |      17 |  42.5
        D:9 |    2787 |    2129 |  43.3 |      33 |      16 |  32.7
       D:10 |     548 |       0 |   0.0 |      10 |       0 |   0.0
       D:11 |    2644 |    1807 |  40.6 |      17 |       8 |  32.0
       D:12 |    5570 |    3018 |  35.1 |      32 |      21 |  39.6
     Lair:1 |    1259 |    3275 |  72.2 |       9 |       5 |  35.7
     Lair:2 |    2241 |    1054 |  32.0 |       7 |       6 |  46.2
     Lair:3 |    5899 |    1936 |  24.7 |      24 |      11 |  31.4
     Lair:4 |    6263 |       0 |   0.0 |      19 |       0 |   0.0
     Lair:5 |    3111 |       0 |   0.0 |      16 |       0 |   0.0
     Lair:6 |   10114 |    7756 |  43.4 |      41 |      27 |  39.7
   Shoals:1 |    2777 |    2654 |  48.9 |       9 |       8 |  47.1
      Orc:1 |    2917 |    3050 |  51.1 |      44 |       2 |   4.3
      Orc:2 |    2856 |   23932 |  89.3 |      22 |      59 |  72.8
    Abyss:2 |   16751 |     403 |   2.3 |      43 |       1 |   2.3
      IceCv |       0 |    5415 | 100.0 |       0 |      20 | 100.0
            +---------+---------+-------+---------+---------+-------
